AoeStats
← 只会打步弓

Arabia

510593826Analyzed
1v1 RM · 9h ago on Oct 1, 2026· 17m 13s· 2 players
Game mode
Random Map
Map size
Tiny (2 player)
Population
200
Speed
Normal
Resources
Standard
Victory
Conquest
Starting age
Dark Age
Ending age
Imperial Age
RankedLock teamsTeams togetherTeam positionsShared explorationLock speedFull tech treeHidden civsTurbo modeCheats
Victory
Defeat
🇹🇷 Franks · Türkiye
2016
+13
🇨🇳 Varangians · China
1950
-13
只会打步弓
5:58 Loom
8:50 Feudal Age
9:21 Double-Bit Axe
Bugra
6:37 Loom
8:46 Feudal Age
9:35 Double-Bit Axe
18:57 Castle Age
17:24 Gold Mining
Connection lost

Rejoining the realm…

Still unreachable

The connection could not be restored.

Session expired

The server has moved on; the page needs a fresh start.